General information
- name: BNet
- type: Ladder team game (AT/RT)
- host: Battle.net
- saver: Shadow303
map: Battleground
- players: 8
- length: 28:43
- speed: Fast
- version: 1.26 W3XP
- replay type: Public
» download(152 KB)
Players
team 1 (loser)
Sharpie. (
red | 33 APM | 904 actions | 27:14)
5 Death Knight
3 Death Coil
2 Unholy Aura
4 Lich
2 Frost Nova
2 Frost Armor
» actions
| Basic commands | 6 | |
| Build / train | 60 | |
| ESC pressed | 4 | |
| Enter build submenu | 18 | |
| Enter hero's abilities submenu | 9 | |
| Give item / drop item | 1 | |
| Remove unit from queue | 4 | |
| Right click | 495 | |
| Select / deselect | 253 | |
| Use ability | 54 | |
904 total
» units
| Acolyte | 7 | |
| Ghoul | 3 | |
| Crypt Fiend | 10 | |
| Frost Wyrm | 5 | |
| Gargoyle | 5 | |
30 total
» upgrades
| Creature Attack | 3 | |
| Creature Carapace | 3 | |
| Web | 1 | |
| Burrow | 1 | |
| Freezing Breath | 1 | |
9 total
» buildings
| Graveyard | 1 | |
| Altar of Darkness | 1 | |
| Ziggurat | 12 | |
| Crypt | 1 | |
| Tomb of Relics | 1 | |
| Halls of the Dead | 1 | |
| Black Citadel | 1 | |
| Sacrificial Pit | 1 | |
| Boneyard | 4 | |
| Spirit Tower | 3 | |
26 total
» build order
00:16 Graveyard
00:38 Altar of Darkness
00:47 Ziggurat
01:03 Ziggurat
01:36 Crypt
02:03 Tomb of Relics
02:16 Ziggurat
02:46 Ziggurat
04:37 Halls of the Dead
07:03 Black Citadel
07:11 Sacrificial Pit
07:47 Ziggurat
10:13 Boneyard
10:17 Boneyard
10:20 Boneyard
10:25 Boneyard
14:08 Ziggurat
17:07 Ziggurat
17:08 Ziggurat
17:09 Ziggurat
17:10 Ziggurat
19:26 Spirit Tower
23:10 Spirit Tower
23:27 Spirit Tower
23:34 Ziggurat
23:36 Ziggurat
24:47 Spirit Tower
» items
| Dust of Appearance | 1 | |
| Scroll of Town Portal | 1 | |
2 total
jcdies (
blue | 40 APM | 1136 actions | 28:41)
5 Blademaster
3 Wind Walk
2 Critical Strike
» actions
| Assign group hotkey | 8 | |
| Basic commands | 2 | |
| Build / train | 49 | |
| Enter build submenu | 16 | |
| Enter hero's abilities submenu | 5 | |
| Remove unit from queue | 1 | |
| Right click | 676 | |
| Select / deselect | 260 | |
| Select group hotkey | 83 | |
| Use ability | 36 | |
1136 total
» units
| Peon | 8 | |
| Troll Headhunter/Berserker | 2 | |
| Grunt | 2 | |
| Raider | 12 | |
| Kodo Beast | 1 | |
| Frost Wyrm | 4 | |
29 total
» upgrades
| Armor | 1 | |
| Pillage | 1 | |
| Melee Weapons | 2 | |
| Ensnare | 1 | |
| War Drums Damage Increase | 1 | |
| Reinforced Defenses | 1 | |
| Spiked Barricades | 1 | |
8 total
» buildings
| Altar of Storms | 1 | |
| Orc Burrow | 5 | |
| War Mill | 1 | |
| Barracks | 1 | |
| Stronghold | 3 | |
| Voodoo Lounge | 1 | |
| Watch Tower | 1 | |
| Beastiary | 2 | |
| Fortress | 1 | |
| Great Hall | 2 | |
18 total
» build order
00:10 Altar of Storms
00:27 Orc Burrow
00:52 War Mill
01:24 Barracks
01:42 Orc Burrow
02:57 Orc Burrow
03:44 Stronghold
04:06 Voodoo Lounge
05:20 Watch Tower
06:30 Beastiary
06:32 Beastiary
07:58 Orc Burrow
08:16 Fortress
09:03 Orc Burrow
12:58 Great Hall
17:17 Stronghold
19:18 Great Hall
23:00 Stronghold
» items
Palin4President (
green | 34 APM | 773 actions | 22:35)
4 Dreadlord
2 Sleep
2 Vampiric Aura
3 Death Knight
2 Death Coil
1 Death Pact
» actions
| Assign group hotkey | 21 | |
| Build / train | 47 | |
| ESC pressed | 1 | |
| Enter build submenu | 22 | |
| Enter hero's abilities submenu | 7 | |
| Give item / drop item | 5 | |
| Remove unit from queue | 2 | |
| Right click | 267 | |
| Select / deselect | 193 | |
| Select group hotkey | 158 | |
| Use ability | 50 | |
773 total
» units
| Acolyte | 9 | |
| Ghoul | 7 | |
| Crypt Fiend | 7 | |
| Obsidian Statue | 1 | |
24 total
» upgrades
» buildings
| Altar of Darkness | 1 | |
| Crypt | 2 | |
| Ziggurat | 10 | |
| Tomb of Relics | 3 | |
| Graveyard | 1 | |
| Halls of the Dead | 1 | |
| Spirit Tower | 5 | |
| Nerubian Tower | 1 | |
| Sacrificial Pit | 1 | |
| Slaughterhouse | 1 | |
| Necropolis | 1 | |
| Black Citadel | 0 | |
27 total
» build order
00:24 Altar of Darkness
00:30 Crypt
00:36 Ziggurat
02:27 Tomb of Relics
02:32 Ziggurat
02:49 Crypt
02:54 Graveyard
03:00 Ziggurat
03:27 Ziggurat
03:37 Ziggurat
05:00 Halls of the Dead
05:42 Spirit Tower
05:52 Ziggurat
05:59 Ziggurat
06:51 Nerubian Tower
08:55 Sacrificial Pit
09:24 Spirit Tower
10:06 Tomb of Relics
10:09 Ziggurat
10:15 Ziggurat
11:44 Spirit Tower
13:37 Tomb of Relics
14:21 Ziggurat
15:58 Spirit Tower
17:32 Slaughterhouse
18:06 Spirit Tower
18:31 Necropolis
19:23 Black Citadel
» items
| Rod of Necromancy | 1 | |
| Dust of Appearance | 1 | |
| Scroll of Town Portal | 1 | |
3 total
Epic_panda (
teal | 18 APM | 488 actions | 27:21)
3 Warden
1 Fan of Knives
2 Blink
» actions
| Basic commands | 6 | |
| Build / train | 55 | |
| Enter build submenu | 19 | |
| Enter hero's abilities submenu | 3 | |
| Remove unit from queue | 1 | |
| Right click | 153 | |
| Select / deselect | 205 | |
| Use ability | 46 | |
488 total
» units
| Wisp | 18 | |
| Huntress | 1 | |
| Archer | 5 | |
| Dryad | 14 | |
38 total
» upgrades
| Strength of the Moon | 1 | |
| Moon Armor | 1 | |
| Strength of the Wild | 3 | |
| Reinforced Hides | 3 | |
| Abolish Magic | 1 | |
9 total
» buildings
| Moon Well | 10 | |
| Altar of Elders | 1 | |
| Ancient of War | 1 | |
| Hunter's Hall | 1 | |
| Tree of Ages | 2 | |
| Ancient of Wonders | 1 | |
| Ancient of Lore | 2 | |
| Tree of Eternity | 1 | |
| Tree of Life | 1 | |
20 total
» build order
00:12 Moon Well
01:04 Altar of Elders
01:12 Moon Well
02:08 Moon Well
02:12 Ancient of War
02:18 Hunter's Hall
02:45 Moon Well
03:41 Moon Well
04:42 Tree of Ages
04:48 Ancient of Wonders
04:58 Moon Well
07:38 Ancient of Lore
07:43 Ancient of Lore
10:00 Moon Well
11:59 Tree of Eternity
14:27 Moon Well
15:22 Moon Well
16:12 Tree of Life
18:17 Tree of Ages
26:23 Moon Well
team 2 (winner)
wolverine2003 (
purple | 47 APM | 1355 actions | 28:41)
4 Far Seer
2 Feral Spirit
2 Chain Lighting
4 Blademaster
3 Critical Strike
1 Wind Walk
5 Tauren Chieftain
3 Endurance Aura
2 Shockwave
» actions
| Basic commands | 24 | |
| Build / train | 84 | |
| Enter build submenu | 36 | |
| Enter hero's abilities submenu | 14 | |
| Remove unit from queue | 6 | |
| Right click | 696 | |
| Select / deselect | 402 | |
| Use ability | 93 | |
1355 total
» units
| Peon | 15 | |
| Grunt | 5 | |
| Troll Headhunter/Berserker | 5 | |
| Demolisher | 13 | |
| Raider | 1 | |
| Kodo Beast | 1 | |
| Forest Troll Shadow Priest | 1 | |
41 total
» upgrades
| Melee Weapons | 2 | |
| Armor | 3 | |
| Ranged Weapons | 3 | |
| Burning Oil | 1 | |
| Reinforced Defenses | 1 | |
| Spiked Barricades | 2 | |
| War Drums Damage Increase | 1 | |
13 total
» buildings
| Altar of Storms | 1 | |
| Orc Burrow | 17 | |
| Barracks | 3 | |
| War Mill | 5 | |
| Stronghold | 2 | |
| Voodoo Lounge | 1 | |
| Watch Tower | 2 | |
| Fortress | 1 | |
| Great Hall | 2 | |
34 total
» build order
00:08 Altar of Storms
00:12 Orc Burrow
01:20 Barracks
01:44 Orc Burrow
02:08 Barracks
02:25 War Mill
02:45 Stronghold
02:53 War Mill
03:06 Orc Burrow
03:26 Orc Burrow
04:30 Voodoo Lounge
04:32 Stronghold
05:00 Watch Tower
06:02 Orc Burrow
07:36 Fortress
08:16 Orc Burrow
08:18 Orc Burrow
08:24 War Mill
10:37 Orc Burrow
12:54 Barracks
14:19 Watch Tower
19:00 Orc Burrow
19:04 Orc Burrow
19:31 Orc Burrow
19:59 Great Hall
20:19 Orc Burrow
20:22 Orc Burrow
22:28 Orc Burrow
22:30 Orc Burrow
23:31 War Mill
25:31 War Mill
27:38 Great Hall
28:03 Orc Burrow
28:06 Orc Burrow
» items
| Healing Salve | 2 | |
| Scroll of Town Portal | 2 | |
| Orb of Lightning | 1 | |
5 total

»
orcmaster1011 (
pink | 31 APM | 882 actions | 28:41)
7 Keeper of the Grove
3 Entangling Roots
2 Force of Nature
1 Tranquility
1 Thorns Aura
6 Priestess of the Moon
3 Searing Arrows
2 Trueshot Aura
1 Starfall
» actions
| Basic commands | 5 | |
| Build / train | 79 | |
| Enter build submenu | 18 | |
| Enter hero's abilities submenu | 13 | |
| Give item / drop item | 2 | |
| Remove unit from queue | 2 | |
| Right click | 332 | |
| Select / deselect | 379 | |
| Use ability | 51 | |
882 total
» units
| Wisp | 19 | |
| Archer | 8 | |
| Huntress | 2 | |
| Hippogryph | 14 | |
| Chimaera | 9 | |
52 total
» upgrades
| Strength of the Wild | 3 | |
| Reinforced Hides | 2 | |
| Corrosive Breath | 1 | |
6 total
» buildings
| Altar of Elders | 1 | |
| Moon Well | 8 | |
| Ancient of War | 1 | |
| Ancient of Wonders | 1 | |
| Tree of Ages | 1 | |
| Hunter's Hall | 1 | |
| Tree of Eternity | 1 | |
| Ancient of Wind | 1 | |
| Chimaera Roost | 3 | |
| Tree of Life | 1 | |
19 total
» build order
00:16 Altar of Elders
00:24 Moon Well
00:55 Ancient of War
01:44 Moon Well
01:52 Ancient of Wonders
02:11 Moon Well
03:23 Tree of Ages
04:29 Hunter's Hall
04:41 Moon Well
06:13 Moon Well
06:44 Tree of Eternity
07:05 Ancient of Wind
07:12 Moon Well
08:13 Moon Well
09:32 Chimaera Roost
09:34 Chimaera Roost
09:37 Chimaera Roost
13:45 Tree of Life
24:29 Moon Well
» items
| Dust of Appearance | 1 | |
| Scroll of Town Portal | 1 | |
2 total

»
ATL (
yellow | 13 APM | 25 actions | 01:55)
» actions
| Build / train | 4 | |
| Enter build submenu | 2 | |
| Right click | 6 | |
| Select / deselect | 11 | |
| Use ability | 2 | |
25 total
» units
» buildings
| Orc Burrow | 1 | |
| Altar of Storms | 1 | |
2 total
» build order
00:29 Orc Burrow
00:38 Altar of Storms
Shadow303 (
orange | 65 APM | 1861 actions | 28:43)
5 Archmage
3 Brilliance Aura
2 Summon Water Elemental
2 Blademaster
1 Wind Walk
1 Bladestorm
» actions
| Basic commands | 60 | |
| Build / train | 98 | |
| ESC pressed | 13 | |
| Enter build submenu | 20 | |
| Enter hero's abilities submenu | 8 | |
| Right click | 908 | |
| Select / deselect | 476 | |
| Use ability | 278 | |
1861 total
» units
| Peasant | 17 | |
| Peon | 8 | |
| Raider | 19 | |
| Sorceress | 6 | |
| Priest | 4 | |
| Spell Breaker | 1 | |
55 total
» upgrades
| Masonry | 2 | |
| Lumber Harvesting | 1 | |
| Melee Weapons | 2 | |
| Sorceress Training | 2 | |
| Ensnare | 1 | |
| Reinforced Defenses | 1 | |
| Armor | 3 | |
| Priest Training | 2 | |
| Pillage | 1 | |
| Magic Sentry | 1 | |
| Control Magic | 1 | |
| Spiked Barricades | 2 | |
| Backpack | 1 | |
20 total
» buildings
| Lumber Mill | 1 | |
| Farm | 10 | |
| Altar of Kings | 1 | |
| Arcane Vault | 1 | |
| Keep | 1 | |
| Beastiary | 3 | |
| Orc Burrow | 4 | |
| Fortress | 1 | |
| Voodoo Lounge | 1 | |
| Arcane Sanctum | 3 | |
| Castle | 2 | |
28 total
» build order
00:42 Lumber Mill
00:45 Farm
00:48 Farm
00:51 Altar of Kings
02:28 Farm
02:32 Farm
02:35 Farm
02:46 Farm
02:51 Arcane Vault
03:23 Farm
04:23 Farm
04:49 Keep
05:39 Beastiary
05:50 Beastiary
05:50 Beastiary
06:05 Orc Burrow
06:07 Orc Burrow
06:46 Fortress
07:01 Voodoo Lounge
07:13 Arcane Sanctum
07:15 Arcane Sanctum
07:16 Arcane Sanctum
08:31 Orc Burrow
10:32 Castle
10:32 Castle
23:03 Orc Burrow
26:10 Farm
26:10 Farm
» items
| Staff of Teleportation | 1 | |
| Scroll of Town Portal | 5 | |
| Scroll of Regeneration | 1 | |
| Healing Salve | 2 | |
9 total
Chat log
(00:36 / Allies) wolverine2003: whatcha doin oj
(01:01 / Allies) Shadow303: sorry
(01:04 / All) Palin4President: if yellow keeps lagging i am going to find another lag free game
(01:05 / Allies) Shadow303: yellow stop lagging
(01:09 / All) Epic_panda: Or you could wait for him to drop
(01:10 / Allies) Shadow303: YELLOW
(01:13 / Allies) Shadow303: STOP IT
(01:16 / Allies) Shadow303: STOP KLAGGING
(01:17 / Allies) Shadow303: IDIOT
(01:23 / Allies) orcmaster1011: lol its not like he can help it
(01:29 / Allies) ATL: i know right
(01:30 / Allies) Shadow303: yellow im gonna leave
(01:30 / All) Sharpie.: jees man
(01:40 / All) Epic_panda: Someone likes porn a bit too much
(01:40 / All) wolverine2003: i think we got some 10 yeaa olds plAYING LETS TRY AND KEEP IT CLEAN
(01:48 / Allies) Shadow303: well maybe not
(01:49 / All) ATL: lol i aint got nuthin else open
(01:52 / Allies) Shadow303: raiders might do
(01:54 / All) Epic_panda: Lol
(01:55 / All) wolverine2003: MAY AS ELL CLOSE WC 2
(01:56 / Allies) wolverine2003: WTF?
(02:05 / Allies) Shadow303: why bother searching this game
(02:09 / Allies) Shadow303: if people drops
(02:17 / All) Palin4President: yellow ruined my gaming experience
(03:10 / Allies) Shadow303: yell;ow gonna get riaders...
(03:16 / Allies) Shadow303: raiders..
(03:28 / Allies) orcmaster1011: k k
(03:32 / Allies) Shadow303: perhaps yellow leaving was a blessing...
(03:36 / Allies) wolverine2003: YS
(03:53 / Allies) Shadow303: a blessing because of his raiders are bio
(03:58 / Allies) Shadow303: and way faster
(04:03 / Allies) Shadow303: wood me?
(04:12 / Allies) Shadow303: shit
(05:21 / Allies) Shadow303: wood yellow please
(06:28 / Allies) Shadow303: any wood if you guys could spare
(09:06 / Allies) wolverine2003: ill fuck with green some more sen raiders top
(09:10 / Allies) Shadow303: NO
(09:14 / Allies) Shadow303: leave him alone
(09:19 / Allies) Shadow303: i almost done
(10:25 / Allies) Shadow303: okay
(10:57 / Allies) orcmaster1011: wanna hit soon?
(11:01 / Allies) Shadow303: sure
(11:21 / Allies) orcmaster1011: main yellow
(11:37 / All) Shadow303: tiem to die punk
(12:29 / All) Shadow303: wtf??
(12:39 / Allies) Shadow303: i didnt even used those
(12:44 / All) Epic_panda: Peace mofo
(14:44 / All) Shadow303: nvm
(15:11 / Allies) wolverine2003: pink com with me
(15:44 / Allies) wolverine2003: main green
(15:50 / Allies) orcmaster1011: k k
(16:48 / Allies) wolverine2003: b pink
(17:31 / Allies) wolverine2003: we may need yellow raiders for frosts here soon
(18:18 / Allies) orcmaster1011: tp yellow
(19:00 / Allies) Shadow303: why did you ensnared
(20:05 / Allies) orcmaster1011: purp get melee for those dryads
(20:08 / Allies) wolverine2003: lol oj
(20:11 / Allies) wolverine2003: so funny
(20:15 / All) Sharpie.: see you
(22:31 / All) Palin4President: re failed
(22:44 / All) wolverine2003: palin lol
(22:50 / All) Sharpie.: idk what he talkin bout
(22:51 / Allies) orcmaster1011: nice job guys
(22:51 / All) Sharpie.: rofl
(22:55 / All) Sharpie.: was creepin mid
(23:00 / All) Sharpie.: and he just comes and takes my damn item!
(23:03 / All) Sharpie.: like wtf!
(23:08 / All) Sharpie.: lol
(24:34 / All) Sharpie.: peeky boo
(27:12 / All) Sharpie.: gj
(27:19 / Allies) wolverine2003: oj come to clan tjoc
(27:25 / Allies) Shadow303: sure
(27:42 / All) jcdies: lol